 Dungeon Crawl Stone Soup version 0.23.0-3-gf3c87f2 (webtiles) character file.

Game seed: 9027492184381462656

968 Kairos the Grave Robber (level 8, -2/39 HPs)
             Began as a Vine Stalker Necromancer on Feb 20, 2019.
             Was a Follower of Okawaru.
             Slain by an orc warrior
             ... wielding a +0 battleaxe
              (22 damage)
             ... on level 5 of the Dungeon.
             The game lasted 00:15:04 (4666 turns).

Kairos the Grave Robber (Vine Stalker Necromancer)  Turns: 4666, Time: 00:15:05

Health: -2/39      AC: 12    Str: 14    XL:     8   Next: 15%
Magic:  0/15       EV:  7    Int: 15    God:    Okawaru [*.....]
Gold:   183        SH:  8    Dex: 14    Spells: 11/15 levels left

rFire    . . .     SeeInvis .   h - +1 whip (vamp)
rCold    . . .     Gourm    .   s - +0 shield
rNeg     . . .     Faith    .   d - +0 chain mail "Kallei Qato" {Regen+}
rPois    +         Spirit   +   (no helmet)
rElec    .         Reflect  .   (no cloak)
rCorr    .         Harm     .   (no gloves)
MR       +....                  n - +2 pair of boots
Stlth    ..........             b - amulet of rage
HPRegen  0.93/turn              q - ring of poison resistance
MPRegen  0.14/turn              z - +3 ring of evasion

@: about to teleport
A: fangs 3, regeneration 1, magic shield, antimagic bite, no potion heal 3, rot
immunity
a: Heroism, Renounce Religion, Evoke Berserk Rage


You were on level 5 of the Dungeon.
You worshipped Okawaru.
Okawaru was aware of your devotion.
You were not hungry.

You visited 2 branches of the dungeon, and saw 7 of its levels.

You collected 183 gold pieces.

Inventory:

Hand Weapons
 h - a +1 vampiric whip (weapon)
Missiles
 g - 102 arrows
 p - 5 javelins (quivered)
 y - 2 throwing nets
Armour
 a - a +0 robe
 d - the +0 chain mail "Kallei Qato" (worn) {Regen+}
   (You found it on level 4 of the Dungeon)

   It increases your rate of regeneration.
 l - a +0 leather armour
 n - a +2 pair of boots (worn)
 r - a +0 large shield
 s - a +0 shield (worn)
 t - a +0 chain mail
Jewellery
 b - an amulet of rage (around neck)
 q - a ring of poison resistance (left hand)
 x - an uncursed amulet of harm
 z - a +3 ring of evasion (right hand)
Wands
 m - a wand of polymorph (6)
 B - a wand of flame (29)
Scrolls
 c - a scroll of teleportation
 f - 6 scrolls of remove curse
 j - 3 scrolls of magic mapping
 k - a scroll of blinking
 o - a scroll of noise {unknown}
 u - a scroll of random uselessness {unknown}
 A - a scroll of amnesia {unknown}
 C - a scroll of identify
Potions
 e - a potion of mutation {unknown}
 v - a potion of degeneration {unknown}
 w - 4 potions of heal wounds {unknown}
Comestibles
 i - 8 rations


   Skills:
 * Level 2.0 Fighting
 * Level 3.7 Maces & Flails
 * Level 2.7 Armour
 * Level 2.3 Dodging
 * Level 4.1 Stealth
 * Level 2.0 Shields
 * Level 4.1 Spellcasting
 * Level 5.4 Necromancy
 + Level 0.1 Evocations


You had 11 spell levels left.
You knew the following spells:

 Your Spells              Type           Power        Failure   Level  Hunger
a - Pain                  Necr           ###.         95%         1    None
b - Regeneration          Chrm/Necr      ##........   100%        3    ###....

Your spell library contained the following spells:

 Spells                   Type           Power        Failure   Level  Hunger
 Animate Skeleton         Necr           N/A          95%         1    None
 Apportation              Tloc           #.....       100%        1    None
 Confusing Touch          Hex            #.....       100%        1    None
 Summon Small Mammal      Summ           #...         100%        1    None
 Vampiric Draining        Necr           ###.......   100%        3    ###....
 Animate Dead             Necr           N/A          100%        4    ####...


Dungeon Overview and Level Annotations

Branches:
Dungeon (6/15)             Temple (1/1) D:4

Altars:
Elyvilon
Fedhas
Gozag
Hepliaklqana
Kikubaaqudgha
Makhleb
Okawaru
Ru
Trog
Vehumet
Wu Jian
Xom
Zin
The Shining One

Annotations:
D:6 Eustachio


Innate Abilities, Weirdness & Mutations

You have razor-sharp teeth.
Your natural rate of healing is unusually fast.
When hurt, damage is shared between your health and your magic reserves.
Your bite disrupts and absorbs the magic of your enemies.
Potions cannot restore your health.
You are immune to rotting.


Message History

The bat barely misses you. You block the bat's attack.
Eustachio mumbles some strange words.
Eustachio blinks!
There is a stone staircase leading up here.
You block the bat's attack. The bat barely misses you.
The orc warrior hits you with a +0 battleaxe!
The bat barely misses you. The bat misses you.
You climb upwards.
You feel like a meek peon again.
There is a stone staircase leading down here.
You fail to use your ability.
The orc warrior hits you with a +0 battleaxe!
The orc hits you with a +0 morningstar.
Okay, then.
As you read the scroll of teleportation, it crumbles to dust.
You feel strangely unstable. You block the orc warrior's attack.
The orc warrior hits you with a +0 battleaxe!!
Ouch! That really hurt!
You die...

#.#..#.# #.### ##.#....#
###### #.### #..#.####
#.<..# #.... #.#....# #....#
##... #......# #)...# #...
###....# #....# #... ######
#....# #... #....# #....#
###. ###.##.####@o..#
##########.
#...##....#o...###..........
#.#######.#....'.#..........
#...##..#.#....#.#..........
###.#.....#....#.#..........
#.......##...#..h.........
###..#.......###.....>....
##.....##...# #..........
#.#.#####...# #..........


You could see an orc warrior (berserk) and an orc.

Vanquished Creatures
  Grinder (D:5)
  Sigmund (D:5)
  An ogre (D:5)
  2 scorpions (D:5)
  A howler monkey (D:5)
  2 orc priests (D:5)
  2 hounds
  Ijyb (D:5)
  2 worker ants (D:5)
  A hound zombie (D:6)
  A worker ant zombie (D:5)
  11 adders
  An ooze (D:1)
  2 worms
  4 leopard geckos
  8 orcs
  3 giant cockroaches
  8 goblins
  5 hobgoblins (D:3)
  6 jackals
  10 kobolds
  A quokka (D:2)
  A ball python (D:2)
  4 bats (D:3)
  5 frilled lizards
  A leopard gecko skeleton (D:4)
  A quokka skeleton (D:4)
  3 rats (D:3)
89 creatures vanquished.

Notes
Turn   | Place    | Note
-------+----------+-------------------------------------------
     0 | D:1      | Kairos the Vine Stalker Necromancer began the quest for the
                  | Orb.
     0 | D:1      | Reached XP level 1. HP: 9/9 MP: 4/4
   463 | D:1      | Reached XP level 2. HP: 12/13 MP: 1/6
   866 | D:2      | Reached XP level 3. HP: 16/16 MP: 4/8
  1601 | D:3      | Found a blossoming altar of Fedhas.
  1606 | D:3      | Found a glowing golden altar of the Shining One.
  1609 | D:3      | Found a shimmering altar of Xom.
  1677 | D:3      | Gained mutation: Your natural rate of healing is unusually
                  | fast. [Vine Stalker growth]
  1677 | D:3      | Reached XP level 4. HP: 12/21 MP: 3/9
  1871 | D:3      | Reached skill level 5 in Necromancy
  1879 | D:3      | Reached XP level 5. HP: 24/24 MP: 7/11
  2412 | D:3      | Learned a level 3 spell: Regeneration
  2465 | D:4      | Found a blossoming altar of Fedhas.
  2495 | D:4      | Got a spiked chain mail
  2514 | D:4      | Identified the +0 chain mail "Kallei Qato" {Regen+} (You
                  | found it on level 4 of the Dungeon)
  2525 | D:4      | Found a staircase to the Ecumenical Temple.
  2559 | Temple   | Entered the Ecumenical Temple
  2685 | Temple   | Became a worshipper of Warmaster Okawaru
  2741 | D:4      | Reached skill level 1 in Armour
  3453 | D:5      | Entered Level 5 of the Dungeon
  3473 | D:5      | Noticed Sigmund
  3547 | D:5      | Noticed Ijyb
  3589 | D:5      | Killed Ijyb
  3589 | D:5      | Reached skill level 1 in Maces & Flails
  3609 | D:5      | Reached XP level 6. HP: 29/29 MP: 12/12
  3650 | D:5      | Reached skill level 1 in Shields
  3682 | D:5      | Found a radiant altar of Vehumet.
  3774 | D:5      | Reached skill level 1 in Fighting
  3948 | D:5      | Reached XP level 7. HP: 33/33 MP: 11/13
  4057 | D:5      | Reached * piety under Okawaru
  4151 | D:5      | Killed Sigmund
  4184 | D:5      | Noticed Grinder
  4239 | D:5      | Paralysed by Grinder for 5 turns
  4255 | D:5      | Killed Grinder
  4255 | D:5      | Reached ** piety under Okawaru
  4255 | D:5      | Gained mutation: You have razor-sharp teeth. [Vine Stalker
                  | growth]
  4255 | D:5      | Reached XP level 8. HP: 39/39 MP: 13/15
  4648 | D:6      | Noticed Eustachio
  4666 | D:5      | Slain by an orc warrior

Skill      XL: |  1  2  3  4  5  6  7 |
---------------+----------------------+-----
Stealth        | 3 4 |  4.1
Spellcasting   | 3 4 |  4.1
Necromancy     | 5 |  5.4
Armour         | 1 2 |  2.7
Maces & Flails | 1 2 3 |  3.7
Shields        | 1 2 |  2.0
Fighting       | 1 2 |  2.0
Dodging        | 2 |  2.3
Evocations     | |  0.1

Action                   |  1- 3 |  4- 6 |  7- 9 || total
-------------------------+-------+-------+-------++-------
Melee: Whip              |    13 |   282 |   102 ||   397
       Bite              |     4 |    69 |    32 ||   105
 Cast: Pain              |    42 |    40 |       ||    82
Invok: Heroism           |       |       |     1 ||     1
 Abil: Evoke Berserk Rag |       |       |     2 ||     2
  Use: Scroll            |     4 |     4 |     2 ||    10
 Stab: Distracted        |       |     1 |       ||     1
  Eat: Ration            |     1 |     1 |     1 ||     3
       Chunk             |     2 |     6 |     1 ||     9
Armor: Leather armour    |     6 |    16 |       ||    22
       Chain mail        |       |   120 |    42 ||   162
Dodge: Dodged            |     6 |   108 |    29 ||   143
Block: Shield            |       |    65 |    29 ||    94
